 Dungeon Crawl Stone Soup version 0.32-a0-292-g751ec8d2e7 (webtiles) character file.

Game seed: 5126095821375338290

1701955 EnegeticOcto the Marksmountain dwarf (level 25, 218/237 HPs)
             Began as a Mountain Dwarf Fighter on Feb 13, 2024.
             Was a High Priest of Ashenzari.
             Escaped with the Orb
             ... and 3 runes on Feb 14, 2024!
             The game lasted 01:59:30 (65368 turns).

EnegeticOcto the Marksmountain dwarf (MDFi)        Turns: 65368, Time: 01:59:30

Health: 218/237    AC: 43    Str: 32    XL:     25   Next: 94%
Magic:  45/62      EV: 16    Int: 16    God:    Ashenzari [*****.]
Gold:   2560       SH: 16    Dex:  9    Spells: 20/56 levels left

rFire   + . .        b - +9 eveningstar of the Sublime Augur {heavy, Sorc, Melee} (curse)
rCold   + . .        c - +3 kite shield of Ashenzari's Autotheism {rC+, Melee, Fort} (curse)
rNeg    . . .        M - +10 plate armour "Comet of the Soothsayer" {Will+, Bglg, Self} (curse)
rPois   +            H - +3 hat of Pondering {ponderous, Will+ MP+10 Int+5, Sorc, Range} (curse)
rElec   +            t - +2 cloak of Supernal Understanding {rPois, Fort, Melee} (curse)
rCorr   .            q - +2 pair of gloves of Ouranomancy {hurl, Fort, Sorc} (curse)
SInv    +            a - +2 pair of boots of the Fated Pragmatism {Fort, Self} (curse)
Will    ++++.        R - amulet "Stellar Oracle" {Regen+, Range, Sorc} (curse) Stlth
                     O - ring "Per Aspera Ad Scientiam" {rF+ EV+5, Self, Elem} (curse)
HPRegen 1.39/turn    E - ring of Iraurrya {rElec MP+9 Str+3}
MPRegen 0.38/turn

%: clarity
@: studying 3 skills, slow
A: runic magic, artefact enchanting, inability to read after injury 1
0: Orb of Zot
}: 3/15 runes: barnacled, silver, gossamer
a: Renounce Religion, Curse Item, Shatter the Chains


You escaped.
You worshipped Ashenzari.
Ashenzari was extremely pleased with you.
You visited 9 branches of the dungeon, and saw 47 of its levels.
You also visited: Ice Cave, Volcano and Wizlab.

You collected 8502 gold pieces.
You spent 5942 gold pieces at shops.

Inventory:

Hand Weapons
 b - the cursed +9 eveningstar of the Sublime Augur (weapon) {heavy, Sorc, Melee}
   (You acquired it on level 5 of the Dungeon)

   It has a curse which improves the following skills: Sorcery: Conjurations and
   Alchemy.
   Melee Combat: Short Blades, Long Blades, Axes, Maces & Flails, Polearms,
   Staves and Unarmed Combat.
 G - a +3 dagger of distortion
   (You took it off a kobold brigand on level 10 of the Dungeon)
Missiles
 u - 47 boomerangs (quivered)
 F - 30 javelins
 I - 12 curare-tipped darts
 U - 8 throwing nets {!f}
 V - 6 silver javelins
Armour
 a - the cursed +2 pair of boots of the Fated Pragmatism (worn) {Fort, Self}
   (You bought it in a shop on level 8 of the Dungeon)

   It has a curse which improves the following skills: Fortitude: Armour and
   Shields.
   Introspection: Fighting and Spellcasting.
 c - the cursed +3 kite shield of Ashenzari's Autotheism (worn) {rC+, Melee, Fort}
   (You found it in an ice cave)

   It has a curse which improves the following skills: Melee Combat: Short
   Blades, Long Blades, Axes, Maces & Flails, Polearms, Staves and Unarmed
   Combat.
   Fortitude: Armour and Shields.
 q - the cursed +2 pair of gloves of Ouranomancy (worn) {hurl, Fort, Sorc}
   (You found it on level 4 of the Spider Nest)

   It has a curse which improves the following skills: Fortitude: Armour and
   Shields.
   Sorcery:   Conjurations and Alchemy.
 t - the cursed +2 cloak of Supernal Understanding (worn) {rPois, Fort, Melee}
   (You bought it in a shop on level 11 of the Dungeon)

   It has a curse which improves the following skills: Fortitude: Armour and
   Shields.
   Melee Combat: Short Blades, Long Blades, Axes, Maces & Flails, Polearms,
   Staves and Unarmed Combat.
 H - the cursed +3 hat of Pondering (worn) {ponderous, Will+ MP+10 Int+5, Sorc, Range}
   (You took it off Gastronok on level 2 of the Lair of Beasts)

   Int+5:     It affects your intelligence (+5).
   Will+:     It increases your willpower.
   MP+10:     It affects your magic capacity (+10).
   It has a curse which improves the following skills: Sorcery: Conjurations and
   Alchemy.
   Ranged Combat: Ranged Weapons and Throwing.
 M - the cursed +10 plate armour "Comet of the Soothsayer" (worn) {Will+, Bglg, Self}
   (You bought it in a shop on level 2 of the Orcish Mines)

   Will+:     It increases your willpower.
   It has a curse which improves the following skills: Beguiling: Hexes and
   Translocations.
   Introspection: Fighting and Spellcasting.
Jewellery
 E - the ring of Iraurrya (right hand) {rElec MP+9 Str+3}
   (You found it on level 1 of the Vaults)

   [ring of magical power]

   Str+3:     It affects your strength (+3).
   rElec:     It insulates you from electricity.
   MP+9:      It affects your magic capacity (+9).
 O - the cursed ring "Per Aspera Ad Scientiam" (left hand) {rF+ EV+5, Self, Elem}
   (You acquired it on level 11 of the Dungeon)

   [ring of evasion]

   EV+5:      It affects your evasion (+5).
   rF+:       It protects you from fire.
   It has a curse which improves the following skills: Introspection: Fighting
   and Spellcasting.
   Elements:  Fire Magic, Ice Magic, Air Magic and Earth Magic.
 R - the cursed amulet "Stellar Oracle" (around neck) {Regen+, Range, Sorc}
   (You found it on level 13 of the Dungeon)

   [amulet of regeneration]

   Regen+:    It increases your rate of health regeneration.
   It has a curse which improves the following skills: Ranged Combat: Ranged
   Weapons and Throwing.
   Sorcery:   Conjurations and Alchemy.
 Z - a ring of protection from fire
   (You found it on level 3 of the Spider Nest)
Wands
 d - a wand of charming (79)
   (You took it off Jeremiah on level 6 of the Dungeon)
 h - a wand of polymorph (28)
   (You found it on level 5 of the Lair of Beasts)
 y - a wand of iceblast (3) {@v2}
   (You found it on level 4 of the Vaults)
 z - a wand of acid (35) {@v1}
   (You took it off Maggie on level 8 of the Dungeon)
 Q - a wand of digging (16) {@v3}
   (You found it on level 15 of the Dungeon)
Scrolls
 e - 2 scrolls of revelation {@r5 !r}
 f - 9 scrolls of fear {!r}
 g - 14 scrolls of teleportation {@r3 !r}
 j - 4 scrolls of blinking {@r4}
 n - a scroll of summoning {!r}
 o - 9 scrolls of vulnerability
 p - a scroll of silence {!r}
 s - 11 scrolls of fog {!r}
 B - 5 scrolls of poison {!r}
 L - 2 scrolls of torment
Potions
 i - 15 potions of curing {@q1 !q}
 k - 3 potions of resistance
 l - 8 potions of brilliance
 m - 9 potions of attraction
 r - 18 potions of might {@q3 !q}
 v - 7 potions of mutation
 x - 8 potions of lignification {@q6}
 A - 6 potions of invisibility
 C - 3 potions of haste {@q4 !q}
 D - a potion of magic
 J - 4 potions of cancellation
 K - 14 potions of heal wounds {@q2 !q}
 P - 4 potions of enlightenment
 S - 3 potions of berserk rage
 T - 7 potions of ambrosia
Miscellaneous
 w - a phantom mirror
   (You bought it in a shop on level 4 of the Dungeon)
 N - a lightning rod (4/4)
   (You found it on level 5 of the Lair of Beasts)
 W - a condenser vane
   (You found it on level 4 of the Shoals)
 X - a box of beasts
   (You found it on level 4 of the Shoals)
 Y - a phial of floods
   (You found it on level 1 of the Vaults)


   Skills:
 - Level 18.0(21.9) Fighting
 - Level 6.5(14.4) Axes
 - Level 15.5(20.0) Maces & Flails
 - Level 19.2(22.1) Ranged Weapons
 - Level 12.9(16.0) Throwing
 - Level 15.0(20.0) Armour
 + Level 10.7 Dodging
 + Level 12.0(17.0) Shields
 - Level 11.8(16.0) Spellcasting
 - Level 8.8(13.8) Conjurations
 - Level 7.7(10.0) Hexes
 - Level 9.7(11.8) Translocations
 - Level 4.0(6.0) Air Magic
 - Level 2.1(3.7) Earth Magic
 - Level 9.3(14.3) Alchemy
 + Level 12.4 Evocations


You had 20 spell levels left.
You knew the following spells:

 Your Spells              Type           Power      Damage    Failure   Level
a - Vhi's Electric Charg  Tloc/Air       82%        N/A       2%          4
b - Manifold Assault      Tloc           50%        N/A       1%          4
c - Leda's Liquefaction   Alch/Erth      20%        N/A       2%          4
d - Fugue of the Fallen   Necr           12%        N/A       26%         3
e - Olgreb's Toxic Radia  Alch           56%        N/A       1%          4
f - Summon Small Mammal   Summ           48%        N/A       9%          1
g - Dispersal             Tloc           25%        N/A       11%         6
z - Irradiate             Conj/Alch      27%        3d20      1%          5
N - Silence               Hex/Air        19%        N/A       9%          5

Your spell library contained the following spells:

 Spells                   Type           Power      Damage    Failure   Level
 Foxfire                  Conj/Fire      100%       2x1d9     1%          1
 Kiss of Death            Conj/Necr      100%       2d13      1%          1
 Magic Dart               Conj           100%       1d8       1%          1
 Shock                    Conj/Air       100%       1d9       1%          1
 Cigotuvi's Dreadful Rot  Necr/Alch/Air  68%        N/A       1%          2
 Ensorcelled Hibernation  Hex/Ice        58%        N/A       1%          2
 Lesser Beckoning         Tloc           100%       N/A       1%          2
 Mercury Vapours          Alch/Air       90%        N/A       1%          2
 Searing Ray              Conj           100%       2d8       1%          2
 Static Discharge         Conj/Air       88%        3-7/arc   1%          2
 Confusing Touch          Hex            44%        N/A       1%          3
 Dazzling Flash           Conj/Hex       100%       N/A       1%          3
 Gell's Gravitas          Tloc           50%        N/A       1%          3
 Hailstorm                Conj/Ice       35%        3d8       1%          3
 Mephitic Cloud           Conj/Alch/Air  49%        N/A       1%          3
 Sigil of Binding         Hex            44%        N/A       1%          3
 Teleport Other           Tloc           50%        N/A       1%          3
 Cause Fear               Hex            22%        N/A       1%          4
 Dimensional Bullseye     Hex/Tloc       23%        N/A       1%          4
 Fulminant Prism          Conj/Alch      27%        3d14      1%          4
 Iskenderun's Mystic Bla  Conj/Tloc      52%        2d11      1%          4
 Volatile Blastmotes      Fire/Tloc      64%        2d15      2%          3
 Petrify                  Alch/Erth      41%        N/A       2%          4
 Inner Flame              Hex/Fire       29%        N/A       3%          3
 Eringya's Noxious Bog    Alch           28%        4d6       3%          6
 Flame Wave               Conj/Fire      35%        2d10      4%          4
 Ignite Poison            Fire/Alch      36%        N/A       4%          4
 Sticky Flame             Fire/Alch      36%        2d8       4%          4
 Arcjolt                  Conj/Air       22%        1d32      4%          5
 Freeze                   Ice            52%        1d6       8%          1
 Airstrike                Air            16%        2d(3-19)  8%          4
 Anguish                  Hex/Necr       14%        N/A       11%         4
 Scorch                   Fire           26%        2d6       12%         2
 Sublimation of Blood     Necr           12%        N/A       13%         2
 Fireball                 Conj/Fire      17%        3d9       14%         5
 Freezing Cloud           Conj/Ice/Air   17%        6-21      16%         5
 Summon Forest            Summ/Tloc      15%        N/A       22%         5
 Frozen Ramparts          Ice            26%        1d4       24%         3
 Call Canine Familiar     Summ           12%        N/A       26%         3
 Summon Ice Beast         Ice/Summ       13%        N/A       26%         3
 Summon Lightning Spire   Summ/Air       22%        N/A       26%         4
 Orb of Destruction       Conj           27%        9d9       26%         7
 Metabolic Englaciation   Hex/Ice        14%        N/A       30%         5
 Animate Armour           Summ/Erth      36%        N/A       38%         4
 Lee's Rapid Deconstruct  Erth           12%        3d8*      45%         5
 Sculpt Simulacrum        Ice/Alch       18%        N/A       56%         6
 Starburst                Conj/Fire      17%        6d6       58%         6
 Summon Blazeheart Golem  Fire/Summ      13%        N/A       63%         4
 Animate Dead             Necr           12%        N/A       65%         4
 Dispel Undead            Necr           12%        3d9       65%         4
 Martyr's Knell           Necr/Summ      12%        N/A       65%         4
 Borgnjor's Vile Clutch   Necr/Erth      9%         N/A       75%         5
 Enfeeble                 Hex            22%        N/A       77%         7
 Curse of Agony           Necr           12%        N/A       94%         5
 Plasma Beam              Fire/Air       11%        2x1d22    98%         6
 Spellforged Servitor     Conj/Summ      17%        N/A       99%         7
 Summon Cactus Giant      Summ           6%         N/A       100%        6
 Haunt                    Necr/Summ      6%         N/A       100%        7
 Ozocubu's Refrigeration  Ice            6%         4d8       100%        7
 Summon Hydra             Summ           6%         N/A       100%        7
 Discord                  Hex            22%        N/A       100%        8
 Ignition                 Fire           6%         3d4       100%        8
 Infestation              Necr           6%         N/A       100%        8
 Maxwell's Capacitive Co  Air            16%        ∞         100%        8
 Dragon's Call            Summ           6%         N/A       100%        9
 Polar Vortex             Ice            6%         N/A       100%        9


Dungeon Overview and Level Annotations

Branches:
Dungeon (15/15)            Temple (0/1) D:6            Lair (5/5) D:9
 Shoals (4/4) Lair:2       Spider (4/4) Lair:2        Slime (0/5) Lair:5
    Orc (2/2) D:11            Elf (3/3) Orc:2        Vaults (5/5) D:14
  Crypt (0/3) Vaults:2     Depths (4/4) D:15            Zot (5/5) Depths:4
  IceCv (visited)         Volcano (visited)          WizLab (visited)

Altars:
Ashenzari
Elyvilon
Gozag
Trog
Uskayaw
Zin
Beogh
Jiyva

Shops:
D:4 *   D:8 [   D:11 ?[   Orc:2 =?*[   Vaults:4 *   Vaults:5 !   Depths:1 *
Depths:3 !

Portals:
Hell: Depths:1 Depths:2 Depths:3 Depths:4
Abyss: Depths:2 Depths:3 Depths:4
Pandemonium: Depths:1 Depths:2
Ziggurat: Depths:2
Trove: Depths:4 (give +4 shadow dragon scales)

Annotations:
Shoals:2 3 runed translucent doors, exclusion: 3 doors
Spider:2 1 runed translucent door, Xapiozoo's ghost, adept MiBe


Innate Abilities, Weirdness & Mutations

Your spellcasting is much less encumbered by armour.
You can use scrolls of enchantment on lesser artefacts.
You occasionally lose the ability to read scrolls when taking damage.


Message History

You bludgeon the cacodemon!!
You kill the cacodemon!
(D) Dungeon (T) Temple (L) Lair (A) Shoals (N) Spider Nest (M) Slime Pits (O) Orcish Mines (E) Elven Halls (V) Vaults (C) Crypt (U) Depths (H) Hell (Z) Zot
Where to? (Tab/Enter - D:1 @ (x,y), ? - help)
There is a stone staircase leading up here.
You climb upwards.
There is a stone staircase leading down here.
There is a stone staircase leading up here.
You climb upwards.
There is a stone staircase leading down here.
There is a stone staircase leading up here.
You climb upwards.
A neqoxec comes into view.
There is a stone staircase leading down here.
Unknown command.
Casting: Irradiate (mildly dangerous; 1% risk of failure)
Confirm with . or Enter, or press ? or * to list all spells.
Space momentarily warps into an impossible shape!
You crush the neqoxec like a grape!!!
You kill the neqoxec!
(D) Dungeon (T) Temple (L) Lair (A) Shoals (N) Spider Nest (M) Slime Pits (O) Orcish Mines (E) Elven Halls (V) Vaults (C) Crypt (U) Depths (H) Hell (Z) Zot
Where to? (Tab/Enter - D:1 @ (x,y), ? - help)
Your magical contamination has completely faded away.
There is a stone staircase leading up here.
You climb upwards.
You sense a monster nearby.
An orange demon comes into view.
There is a stone staircase leading down here.
Unknown command.
Casting: Manifold Assault (mildly dangerous; 1% risk of failure)
Confirm with . or Enter, or press ? or * to list all spells.
Aiming: Vhi's Electric Charge (mildly dangerous; 2% risk of failure)
Press: ? - help, Shift-Dir - straight line, f - orange demon
Aim: an orange demon (wandering, hasn't noticed you, 93% to hit)
You charge forward with an electric crackle!
A cacodemon, a sixfirhy and an orange demon come into view.
You stick the orange demon like a pincushion and electrocute it!!!!
You kill the orange demon!
Casting: Vhi's Electric Charge (mildly dangerous; 2% risk of failure)
Confirm with . or Enter, or press ? or * to list all spells.
Space momentarily warps into an impossible shape!
You sock the cacodemon! You puncture the orange demon!
You bludgeon the sixfirhy!!
The cacodemon gestures at the rock wall.
You hear a grinding noise.
Casting: Manifold Assault (mildly dangerous; 1% risk of failure)
Confirm with . or Enter, or press ? or * to list all spells.
Space momentarily warps into an impossible shape!
You impale the cacodemon!! You barely miss the sixfirhy.
You skewer the orange demon like a kebab!!!
You block the orange demon's attack.
Casting: Manifold Assault (mildly dangerous; 1% risk of failure)
Confirm with . or Enter, or press ? or * to list all spells.
Space momentarily warps into an impossible shape!
You stick the orange demon like a pincushion!!!
You kill the orange demon!
You bludgeon the sixfirhy!!
You kill the sixfirhy!
Some rock shatters into small pieces.
Casting: Manifold Assault (mildly dangerous; 1% risk of failure)
Confirm with . or Enter, or press ? or * to list all spells.
Aiming: Vhi's Electric Charge (mildly dangerous; 2% risk of failure)
Press: ? - help, Shift-Dir - straight line, f - cacodemon
Aim: a cacodemon (moderately wounded, 87% to hit)
You charge forward with an electric crackle!
You perforate the cacodemon like a sieve!!!
The cacodemon is severely wounded.
The cacodemon hits you but does no damage. x2
Casting: Vhi's Electric Charge (mildly dangerous; 2% risk of failure)
Confirm with . or Enter, or press ? or * to list all spells.
You erupt in a fountain of uncontrolled magic!
The cacodemon is blasted with magical radiation!
The cacodemon is severely wounded.
You are very lightly contaminated with residual magic.
The cacodemon closely misses you. The cacodemon hits you.
Casting: Irradiate (mildly dangerous; 1% risk of failure)
Confirm with . or Enter, or press ? or * to list all spells.
You can't charge at the cacodemon because you're already next to there.
You impale the cacodemon!!
You kill the cacodemon!
No target in view!
You open the door.
There is an open door here.
A Gaorogew and an ufetubus come into view.
The ufetubus shouts!
A Tzitzimitl comes into view.
You open the door.
You are engulfed in excruciating misery.
You block Gaorogew's attack. Gaorogew misses you.
Your magical contamination has completely faded away.
Blink to where?
Press: ? - help, Dir - move target
As you read the scroll of blinking {@r4}, it crumbles to dust.
You have escaped!

......## ##.###...###.##.##
.....### #.## #...# ##.#..#
...5...# #.# ##'## #.##.#
...#...###.# #...# #.##.#
...1°☼.##.#####...#####.#.#
...#°{.##.#≈≈§#...#.≈≈#.#.#
...#○°.##.#≈≈.#...#.≈§#.#.#
...#°○5##.#°☼.#...#..≈#.#.#
...###°○°5§&°.'.@.'..≈#...#
...# #°##.#≈..#..)#..≈#.###
...# #.##.#≈≈.#...#.§≈#.#
...###.##.#≈≈.#...#.≈≈#.#
.###...##.#####...#####.#
.# #.#####.# #...# #.## .#
#.# #.# ##+## #.# .# #.#
#.## #...# ##.# .# #.#
##.###...###.##


You could see Gaorogew (clouds) and an ufetubus.

Vanquished Creatures
  An orb of fire (Zot:2)
  An ancient lich (Vaults:5)
  Josephina (Depths:3)
  Bai Suzhen (Vaults:2)
  Boris (twice) (Elf:3 Depths:1)
  A curse toe (Zot:2)
  5 caustic shrikes
  The ghost of ongoing the Slayer, an adept MDFi of the Shining One (Vaults:4)
  Nikola (Shoals:3)
  8 golden dragons
  Jory (Vaults:2)
  3 electric golems
  Arachne (Spider:2)
  2 doom hounds (Depths:4)
  Zenata (Elf:1)
  8 tentacled monstrosities
  Rupert (D:14)
  Mlioglotl (Spider:2)
  4 liches
  A walking crystal tome (Depths:2)
  6 quicksilver dragons
  A walking divine tome (Depths:4)
  6 titans
  Grunn (Depths:4)
  7 Orb Guardians
  2 deep elf blademasters (Elf:3)
  Gastronok (Lair:2)
  2 death cobs
  10 sphinxes
  A deep elf master archer (Elf:3)
  Polyphemus (Shoals:2)
  13 shadow dragons
  Donald (Vaults:2)
  Kirke (D:13)
  12 storm dragons
  Roxanne (Elf:3)
  11 tengu reavers
  2 daevas
  Ilsuiw (Shoals:2)
  5 draconian monks (Zot:2)
  15 fire giants
  4 emperor scorpions
  A protean progenitor (Zot:1)
  A draconian shifter (Zot:1)
  5 frost giants
  3 draconian knights
  2 iron dragons
  3 deep elf sorcerers
  3 deep elf elementalists (Elf:3)
  9 ghost moths
  A curse skull (Vaults:2)
  11 vault wardens
  5 draconian scorchers
  An orc warlord (Vaults:4)
  2 draconian stormcallers
  A spriggan defender (Depths:2)
  2 cacodemons
  2 formless jellyfish
  6 draconian annihilators
  21 ironbound preservers
  25 very ugly things
  4 broodmothers
  3 ironbound thunderhulks
  4 vampire knights
  18 stone giants
  4 purple draconians
  8 green draconians
  3 demonspawn black suns (Zot:2)
  A deep elf demonologist (Vaults:5)
  2 white draconians
  8 deep elf death magi
  6 dire elephants
  3 war gargoyles
  2 minotaurs
  7 red draconians
  9 deep elf annihilators
  4 black draconians
  5 yellow draconians
  12 spark wasps
  The ghost of HourglassMan the Mimic, a journeyman DrSh of Uskayaw (Orc:2)
  An orange crystal statue (WizLab)
  13 merfolk impalers
  The ghost of tish the Fighter, a journeyman DjFE of Cheibriados (Lair:2)
  5 merfolk javelineers
  6 fire dragons
  5 entropy weavers
  3 jiangshi
  A crystal guardian (Vaults:3)
  12 ettins
  12 yaktaur captains
  8 rakshasas
  4 great orbs of eyes
  Fannar (Lair:1)
  34 vault guards
  2 hell beasts
  2 jorogumos
  4 ice dragons
  7 ogre magi
  7 deep elf high priests
  2 catoblepae
  A hydra (D:15)
  2 spriggan air magi
  5 alligator snapping turtles (Shoals:4)
  A sphinx zombie (Depths:1)
  10 ironbound frosthearts
  A peacekeeper (Vaults:3)
  4 radroaches
  4 merfolk avatars
  5 boulder beetles
  26 two-headed ogres
  21 dancing weapons
  17 centaur warriors
  6 merfolk aquamancers
  Erica (D:9)
  5 tengu warriors
  4 deep troll shamans
  2 vampire magi (Depths:2)
  9 death yaks
  The ghost of tish the Fighter, a novice DjIE of Gozag (D:8)
  3 satyrs
  11 demonic crawlers
  3 occultists
  4 orc high priests (Vaults:4)
  7 deep troll earth magi
  Urug (D:12)
  4 spriggan berserkers
  8 deep elf knights
  3 soul eaters (Depths:1)
  A spectral death yak (Lair:5)
  Nergalle (Lair:1)
  5 hell knights
  Amaemon (D:8)
  A spectral anaconda (Lair:5)
  6 skysharks
  A flayed ghost (Depths:3)
  5 iron trolls
  A shadow wraith (Depths:1)
  3 sixfirhies
  11 skeletal warriors
  6 pharaoh ants
  A deep troll (shapeshifter) (Vaults:4)
  7 glowing orange brains
  18 sea snakes
  A spark wasp zombie (Depths:1)
  2 skysharks (shapeshifter)
  66 deep trolls
  3 deep elf archers (Elf:2)
  3 orb spiders (Spider:4)
  2 sun moths
  2 obsidian statues
  A sea snake (shapeshifter) (Vaults:5)
  Pikel (D:8)
  9 steelbarb worms
  A shadow demon (D:9)
  10 arcanists
  6 lindwurms
  19 ironbound convokers
  5 large abominations (Depths:2)
  12 necromancers
  33 deep elf zephyrmancers
  5 phantasmal warriors
  9 orc knights
  18 harpies
  43 ugly things
  25 wolf spiders
  An orb spider (shapeshifter) (Vaults:5)
  9 cyclopes
  4 fauns (Shoals:1)
  A frost giant zombie (Depths:1)
  20 deep elf pyromancers
  A manticore (shapeshifter) (Vaults:5)
  2 orc sorcerers (Orc:2)
  16 manticores
  A stone giant skeleton (Vaults:5)
  7 meliai
  13 moths of wrath
  2 ice statues (IceCv)
  7 merfolk sirens
  A toenail golem (D:9)
  11 elephants
  2 black mambas (Lair:3)
  6 kobold blastminers
  3 orange demons
  2 water nymphs
  A torpor snail (shapeshifter) (Depths:3)
  6 molten gargoyles
  18 vault sentinels
  A cane toad (shapeshifter) (Elf:1)
  8 cane toads
  3 gargoyles
  5 torpor snails
  Maggie (D:8)
  2 kobold demonologists
  Jeremiah (D:6)
  2 rime drakes
  7 freezing wraiths
  2 unseen horrors
  3 komodo dragons
  37 yaktaurs
  Psyche (D:8)
  An efreet (D:10)
  A golden dragon simulacrum (Depths:3)
  A human skeleton (Vaults:5)
  6 tengu conjurers
  10 trolls
  2 polar bears
  A tengu simulacrum (Depths:3)
  36 merfolk
  A shadow dragon simulacrum (Depths:3)
  3 wind drakes
  A merfolk (shapeshifter) (Vaults:5)
  7 hornets
  Grinder (D:6)
  12 snapping turtles
  A black mamba (shapeshifter) (Elf:3)
  An ettin zombie (Depths:1)
  A glass eye (shapeshifter) (Vaults:5)
  A spectral elephant (Lair:5)
  28 tarantellas
  11 dream sheep
  A fire giant simulacrum (Depths:3)
  25 culicivoras
  17 jumping spiders
  A shadow (D:12)
  31 slime creatures
  17 water elementals
  A ynoxinul (D:13)
  2 spriggans (shapeshifter)
  A wraith (D:12)
  An air elemental (Elf:1)
  6 small abominations (Depths:2)
  37 yaks
  3 spriggans
  A vampire (D:9)
  19 humans (D:14)
  2 wargs (Orc:1)
  5 fire bats (Volcano)
  34 redbacks
  A wyvern (shapeshifter) (D:15)
  7 wyverns
  3 basilisks
  A neqoxec (D:2)
  2 steam dragons
  A fire elemental (Elf:3)
  An elf skeleton (Vaults:5)
  2 death yak simulacra
  3 vampire mosquitoes
  A chaos spawn (Depths:3)
  2 acid dragons
  14 water moccasins
  3 ice beasts
  Pargi (D:2)
  2 elephant zombies (Lair:5)
  A redback (shapeshifter) (Vaults:5)
  23 orc warriors
  2 black bears
  A laughing skull (Vaults:2)
  30 ogres
  A tengu (shapeshifter) (D:15)
  An ogre (shapeshifter) (D:14)
  8 wolves
  A centaur (shapeshifter) (Elf:1)
  11 centaurs
  An elephant skeleton (Lair:5)
  9 kobold brigands
  11 bullfrogs
  An earth elemental (Elf:3)
  2 gnoll sergeants
  A scorpion (D:5)
  A glowing shapeshifter simulacrum (Depths:3)
  A cane toad simulacrum (IceCv)
  17 killer bees
  An elephant simulacrum (Lair:5)
  An electric eel (Spider:4)
  5 howler monkeys
  2 bombardier beetles
  A jelly (D:5)
  3 lava snakes (Volcano)
  Crazy Yiuf (D:6)
  3 hounds
  17 orc priests
  2 sleepcaps
  4 iguanas
  13 orc wizards
  2 polar bear simulacra (IceCv)
  6 gnolls
  5 adders
  2 shadow imps
  2 white imps (Lair:5)
  6 dart slugs
  2 ribbon worms
  60 orcs
  7 bats
  15 endoplasms
  2 giant cockroaches
  7 goblins
  3 hobgoblins
  3 quokkas
  8 ball pythons
  8 frilled lizards
  26 kobolds
  3 rats
  An aspiring flesh (Zot:1)
1925 creatures vanquished.

Vanquished Creatures (collateral kills)
  Jorgrun (D:14)
  A sea snake (Shoals:4)
  A deep elf zephyrmancer (Elf:1)
  A troll (Orc:2)
  An orc warrior (Orc:2)
  A bullfrog (Lair:2)
  A polar bear simulacrum (IceCv)
7 creatures vanquished.

Vanquished Creatures (others)
  A draconian monk (Depths:4)
  A vault warden (Vaults:5)
  An orb spider (Spider:2)
  A deep elf pyromancer (Elf:1)
  A manticore (Shoals:4)
  2 humans (D:13)
  2 orcs (Orc:1)
9 creatures vanquished.

Grand Total: 1941 creatures vanquished

Notes
Turn   | Place    | Note
-------+----------+-------------------------------------------
     0 | D:1      | EnegeticOcto the Mountain Dwarf Fighter began the quest for
                  | the Orb.
     0 | D:1      | Reached XP level 1. HP: 19/19 MP: 1/1
    89 | D:1      | Reached XP level 2. HP: 21/26 MP: 2/2
   155 | D:1      | Reached skill level 3 in Axes
   206 | D:1      | Reached XP level 3. HP: 21/33 MP: 3/3
   277 | D:1      | Found a faded altar of an unknown god.
   286 | D:1      | Prayed at the altar of an unknown god.
   286 | D:1      | Became a worshipper of Ashenzari the Shackled
   920 | D:2      | Reached skill level 4 in Axes
  1000 | D:2      | Reached XP level 4. HP: 36/40 MP: 4/4
  1082 | D:2      | Reached skill level 4 in Shields
  1118 | D:2      | Reached * piety under Ashenzari
  1198 | D:2      | Reached skill level 4 in Fighting
  1760 | D:3      | Noticed Pargi
  1904 | D:3      | Noticed an ogre
  1914 | D:2      | Killed Pargi
  1915 | D:2      | Reached skill level 5 in Axes
  1915 | D:2      | Reached XP level 5. HP: 11/47 MP: 5/5
  2321 | D:4      | Reached skill level 6 in Axes
  2321 | D:4      | Reached XP level 6. HP: 51/55 MP: 6/6
  2423 | D:4      | Reached skill level 5 in Fighting
  2871 | D:4      | Found Qyxziasai's Assorted Antiques.
  2874 | D:4      | Bought a scroll labelled UZXEDAZ YNE for 25 gold pieces
  2874 | D:4      | Bought a bubbling clear potion for 22 gold pieces
  2940 | D:5      | Entered Level 5 of the Dungeon
  3035 | D:5      | Identified a scroll of acquirement
  3041 | D:5      | Acquired a +0 heavy eveningstar
  3089 | D:5      | Reached skill level 1 in Maces & Flails
  3116 | D:5      | Reached skill level 2 in Maces & Flails
  3158 | D:5      | Reached ** piety under Ashenzari
  3320 | D:5      | Reached skill level 3 in Maces & Flails
  3492 | D:5      | Reached XP level 7. HP: 52/61 MP: 7/7
  3629 | D:5      | Reached skill level 4 in Maces & Flails
  3792 | D:3      | Reached skill level 5 in Maces & Flails
  4205 | D:6      | Reached skill level 6 in Maces & Flails
  4392 | D:6      | Reached skill level 7 in Maces & Flails
  4529 | D:6      | Found a staircase to the Ecumenical Temple.
  4639 | D:6      | Noticed Jeremiah
  4929 | D:6      | Noticed Grinder
  4953 | D:6      | Killed Grinder
  4954 | D:6      | Reached skill level 8 in Maces & Flails
  4954 | D:6      | Reached XP level 8. HP: 62/69 MP: 8/8
  5076 | D:6      | Reached *** piety under Ashenzari
  5231 | D:6      | Killed Jeremiah
  5232 | D:6      | Reached skill level 6 in Fighting
  5232 | D:6      | Reached skill level 9 in Maces & Flails
  5488 | D:4      | Bought a short glass wand for 100 gold pieces
  6012 | D:6      | Found a runed translucent door.
  6013 | D:6      | Noticed Crazy Yiuf
  6115 | D:7      | Reached skill level 1 in Evocations
  6234 | D:7      | Reached skill level 2 in Evocations
  6692 | D:7      | Learned a level 4 spell: Vhi's Electric Charge
  6806 | D:7      | Reached skill level 10 in Maces & Flails
  6905 | D:7      | Reached **** piety under Ashenzari
  7011 | D:7      | Reached XP level 9. HP: 78/78 MP: 9/9
  7223 | D:8      | Noticed Psyche
  7223 | D:8      | Noticed Amaemon
  7226 | D:8      | Noticed an orange demon
  7229 | D:8      | Killed Psyche
  7230 | D:8      | Reached skill level 3 in Evocations
  7241 | D:8      | Reached skill level 7 in Fighting
  7245 | D:8      | Killed Amaemon
  7246 | D:8      | Reached skill level 11 in Maces & Flails
  7246 | D:8      | Reached skill level 4 in Evocations
  7359 | D:8      | Killed an orange demon
  7360 | D:8      | Reached skill level 8 in Fighting
  7421 | D:8      | Found a runed translucent door.
  7421 | D:8      | Noticed tish's ghost (novice DjIE)
  7489 | D:8      | Found Mimoq's Armour Shoppe.
  7495 | D:8      | Bought a +1 pair of boots for 115 gold pieces
  7566 | D:8      | Reached skill level 9 in Fighting
  7724 | D:8      | Noticed Maggie
  7845 | D:8      | Noticed Pikel
  7853 | D:8      | Killed Pikel
  7854 | D:8      | Reached skill level 10 in Fighting
  7854 | D:8      | Reached XP level 10. HP: 97/97 MP: 10/10
  8127 | D:8      | Killed Maggie
  8128 | D:8      | Reached skill level 11 in Fighting
  8480 | D:9      | Found a staircase to the Lair.
  8665 | D:9      | Noticed Erica
  8751 | D:9      | Reached skill level 1 in Spellcasting
  8984 | D:9      | Reached skill level 1 in Dodging
  8990 | D:9      | Reached skill level 4 in Armour
  9473 | D:8      | Bought a +0 pair of gloves for 45 gold pieces
  9478 | D:8      | Reached ***** piety under Ashenzari
  9570 | D:9      | Killed Erica
  9571 | D:9      | Reached skill level 5 in Shields
  9571 | D:9      | Reached skill level 2 in Spellcasting
  9968 | D:10     | Entered Level 10 of the Dungeon
  9975 | D:10     | Reached skill level 2 in Dodging
 10081 | D:10     | Noticed a gargoyle
 10097 | D:10     | Killed a gargoyle
 10250 | D:10     | Reached XP level 11. HP: 108/108 MP: 17/17
 10251 | D:10     | Reached skill level 5 in Armour
 10318 | D:10     | Found a glowing silver altar of Zin.
 10349 | D:10     | Noticed a two-headed ogre
 10355 | D:10     | Killed a two-headed ogre
 10356 | D:10     | Reached skill level 12 in Fighting
 10836 | D:10     | Identified the +0 robe "Elagat" {Str+5}
 10983 | Lair:1   | Entered Level 1 of the Lair of Beasts
 11156 | Lair:1   | Noticed Nergalle
 11163 | Lair:1   | Killed Nergalle
 11371 | Lair:1   | Reached skill level 13 in Fighting
 11389 | Lair:1   | Noticed Fannar
 11406 | Lair:1   | Killed Fannar
 12332 | Lair:2   | Noticed a skyshark
 12349 | Lair:2   | Killed a skyshark
 12350 | Lair:2   | Reached skill level 14 in Fighting
 12835 | Lair:2   | Found a staircase to the Shoals.
 13075 | Lair:2   | Noticed a minotaur
 13075 | Lair:2   | Noticed tish's ghost (journeyman DjFE)
 13415 | Lair:2   | Found a hole to the Spider Nest.
 13466 | Lair:2   | Learned a level 5 spell: Irradiate
 13564 | Lair:2   | Found a runed translucent gate.
 13847 | Lair:2   | Reached XP level 12. HP: 117/125 MP: 18/18
 13884 | Lair:2   | Reached skill level 15 in Fighting
 13884 | Lair:2   | Reached skill level 1 in Conjurations
 13884 | Lair:2   | Reached skill level 1 in Alchemy
 13912 | Lair:2   | Noticed Gastronok
 13925 | Lair:2   | Killed Gastronok
 13926 | Lair:2   | Reached skill level 2 in Conjurations
 14149 | Lair:2   | Found a runed translucent gate.
 14150 | Lair:2   | Found a runed translucent gate.
 14185 | Lair:2   | Reached skill level 2 in Alchemy
 14879 | Lair:3   | Reached skill level 3 in Conjurations
 14887 | Lair:3   | Reached skill level 3 in Alchemy
 14961 | Lair:3   | Found a frozen archway.
 14966 | IceCv    | Entered an ice cave
 15088 | IceCv    | Found a transporter.
 15095 | IceCv    | Identified the +1 scale mail of Faethryimn {Rampage}
 15107 | IceCv    | Found a transporter.
 15239 | Lair:3   | Reached skill level 4 in Conjurations
 15284 | Lair:3   | Reached skill level 4 in Alchemy
 15579 | Lair:3   | Reached skill level 6 in Armour
 15581 | Lair:3   | Reached skill level 6 in Shields
 15768 | Lair:3   | Reached skill level 16 in Fighting
 16113 | Lair:4   | Noticed a catoblepas
 16116 | Lair:4   | Killed a catoblepas
 16117 | Lair:4   | Reached skill level 5 in Conjurations
 16901 | Lair:5   | Entered Level 5 of the Lair of Beasts
 16927 | Lair:5   | Reached XP level 13. HP: 132/134 MP: 18/18
 16944 | Lair:5   | Found a dark tunnel.
 17117 | Lair:5   | Reached skill level 3 in Spellcasting
 17121 | Lair:5   | Reached skill level 5 in Alchemy
 17123 | Lair:5   | Reached skill level 7 in Armour
 17199 | Lair:5   | Found a viscous altar of Jiyva.
 17200 | Lair:5   | Found a staircase to the Slime Pits.
 17242 | Lair:5   | Reached skill level 7 in Shields
 17399 | Volcano  | Entered a volcano
 17548 | Volcano  | Found a bloodstained altar of Trog.
 17725 | Volcano  | Identified the +1 leather armour of the Tuna {rPois rF+
                  | Regen+ Stlth+}
 17940 | Lair:5   | Noticed a dire elephant
 17988 | Lair:5   | Reached skill level 6 in Conjurations
 18137 | Lair:5   | Reached skill level 4 in Spellcasting
 18511 | Lair:5   | Noticed a dire elephant
 18521 | Lair:5   | Killed a dire elephant
 18522 | Lair:5   | Reached skill level 8 in Armour
 18884 | Lair:5   | Reached skill level 8 in Shields
 19274 | Lair:5   | Killed a dire elephant
 19275 | Lair:5   | Reached skill level 6 in Alchemy
 19801 | D:11     | Reached XP level 14. HP: 142/144 MP: 23/23
 19822 | D:11     | Found a staircase to the Orcish Mines.
 20011 | D:11     | Found Yme Duro's Antique Armour Emporium.
 20021 | D:11     | Found Narhoule's Magic Scroll Emporium.
 20633 | D:11     | Reached skill level 7 in Conjurations
 20698 | D:11     | Acquired the ring of Bedob {rF+ EV+5}
 20760 | Orc:1    | Entered Level 1 of the Orcish Mines
 20762 | Orc:1    | Found a roughly hewn altar of Beogh.
 20925 | Orc:2    | Entered Level 2 of the Orcish Mines
 20954 | Orc:2    | Reached skill level 17 in Fighting
 21229 | Orc:2    | Reached skill level 7 in Alchemy
 21526 | Orc:2    | Reached skill level 18 in Fighting
 21632 | Orc:2    | Found Qaemuekk's Armour Shop.
 21632 | Orc:2    | Found Xakac's Assorted Antiques.
 21633 | Orc:2    | Found Puoladex's Magic Scroll Emporium.
 21633 | Orc:2    | Found Taodis's Jewellery Boutique.
 21645 | Orc:2    | Bought a bubbling white potion for 19 gold pieces
 21653 | Orc:2    | Bought a scroll of fear for 64 gold pieces
 21656 | Orc:2    | Found a staircase to the Elven Halls.
 21789 | D:11     | Bought a glowing cloak for 172 gold pieces
 22180 | Orc:2    | Noticed HourglassMan's ghost (journeyman DrSh)
 22196 | Orc:2    | Found a transporter.
 22201 | Orc:2    | Found a transporter.
 22375 | Orc:2    | Found a bloodstained altar of Trog.
 22708 | Orc:2    | Killed HourglassMan's ghost
 22834 | Orc:2    | Reached skill level 9 in Shields
 22834 | Orc:2    | Reached skill level 5 in Evocations
 23456 | Orc:1    | Reached skill level 5 in Spellcasting
 23806 | D:11     | Bought a scroll of enchant armour for 105 gold pieces
 23806 | D:11     | Bought a scroll of teleportation for 42 gold pieces
 23806 | D:11     | Bought a scroll of blinking for 105 gold pieces
 23806 | D:11     | Bought a scroll of teleportation for 42 gold pieces
 24006 | D:4      | Bought a scroll of teleportation for 75 gold pieces
 24006 | D:4      | Bought a wand of charming (3) for 180 gold pieces
 24382 | D:12     | Learned a level 3 spell: Fugue of the Fallen
 24623 | D:12     | Found a hide-covered altar of Uskayaw.
 24648 | D:12     | Identified the +3 leather armour of Juoghem {rPois Slay+3}
 24655 | D:12     | Reached XP level 15. HP: 155/155 MP: 25/25
 24816 | D:12     | Noticed Urug
 24824 | D:12     | Killed Urug
 25110 | D:13     | Reached skill level 8 in Conjurations
 25324 | D:13     | Reached skill level 1 in Ranged Weapons
 25503 | D:13     | Noticed Kirke
 25509 | D:13     | Killed Kirke
 25510 | D:13     | Reached skill level 8 in Alchemy
 25808 | D:14     | Noticed Rupert
 25811 | D:14     | Noticed Jorgrun
 25826 | D:14     | Killed Jorgrun
 25827 | D:14     | Reached skill level 6 in Evocations
 25846 | D:14     | Killed Rupert
 26003 | D:14     | Reached skill level 2 in Ranged Weapons
 26116 | D:14     | Reached skill level 10 in Shields
 26166 | D:14     | Found a gate to the Vaults.
 26412 | D:14     | Reached skill level 3 in Ranged Weapons
 27174 | D:15     | Entered Level 15 of the Dungeon
 27268 | D:15     | Reached skill level 4 in Ranged Weapons
 27277 | D:15     | Reached skill level 9 in Alchemy
 27735 | D:15     | Noticed a fire giant
 27760 | D:15     | Found a staircase to the Depths.
 27769 | D:15     | Killed a fire giant
 27770 | D:15     | Reached XP level 16. HP: 148/165 MP: 29/29
 27842 | D:15     | Reached ****** piety under Ashenzari
 27948 | D:15     | Learned a level 4 spell: Leda's Liquefaction
 28287 | D:6      | Killed Crazy Yiuf
 28439 | D:8      | Killed tish's ghost
 28662 | Lair:2   | Killed tish's ghost
 28663 | Lair:2   | Reached skill level 5 in Ranged Weapons
 28663 | Lair:2   | Reached skill level 1 in Earth Magic
 28695 | Lair:2   | Upgraded the game from 0.32-a0-290-g598725c5f2 to
                  | 0.32-a0-292-g751ec8d2e7
 28696 | Shoals:1 | Entered Level 1 of the Shoals
 28708 | Shoals:1 | Reached skill level 1 in Translocations
 28709 | Shoals:1 | Reached skill level 1 in Air Magic
 28777 | Shoals:1 | Reached skill level 1 in Throwing
 28780 | Shoals:1 | Reached skill level 2 in Earth Magic
 28911 | Shoals:1 | Reached skill level 2 in Translocations
 28945 | Shoals:1 | Reached skill level 2 in Throwing
 28945 | Shoals:1 | Reached skill level 2 in Air Magic
 29141 | Shoals:1 | Found a hide-covered altar of Uskayaw.
 29146 | Shoals:1 | Identified the +3 longbow of Asoyssak {flame, Int+2}
 29187 | Shoals:1 | Reached skill level 3 in Translocations
 29209 | Shoals:1 | Reached skill level 3 in Throwing
 29356 | Shoals:1 | Reached skill level 3 in Air Magic
 29660 | Shoals:2 | Reached skill level 4 in Translocations
 29761 | Shoals:2 | Reached skill level 4 in Throwing
 29947 | Shoals:2 | Noticed Ilsuiw
 29978 | Shoals:2 | Killed Ilsuiw
 29983 | Shoals:2 | Reached skill level 5 in Translocations
 30260 | Shoals:2 | Reached skill level 5 in Throwing
 30328 | Shoals:2 | Found a runed translucent gate.
 30328 | Shoals:2 | Found a runed translucent gate.
 30328 | Shoals:2 | Noticed Polyphemus
 30347 | Shoals:2 | Killed Polyphemus
 30393 | Shoals:2 | Found a runed translucent gate.
 30805 | Shoals:3 | Noticed Nikola
 30818 | Shoals:3 | Killed Nikola
 30978 | Shoals:3 | Reached skill level 6 in Translocations
 30988 | Shoals:3 | Reached skill level 6 in Throwing
 31058 | Shoals:3 | Reached XP level 17. HP: 172/172 MP: 30/30
 31790 | Shoals:4 | Entered Level 4 of the Shoals
 31844 | Shoals:4 | Identified the +3 plate armour of the Eight Mystics {Int+5}
 31857 | Shoals:4 | Reached skill level 7 in Translocations
 31882 | Shoals:4 | Reached skill level 7 in Throwing
 32129 | Shoals:4 | Identified the +0 falchion of Kuususi {spect, rF+ Str-2
                  | Dex+3}
 32714 | Shoals:4 | Reached skill level 8 in Translocations
 32863 | Shoals:4 | Reached skill level 8 in Throwing
 33208 | Shoals:4 | Reached skill level 6 in Spellcasting
 33208 | Shoals:4 | Reached skill level 7 in Evocations
 33226 | Shoals:4 | Got a barnacled rune of Zot
 33440 | Spider:1 | Entered Level 1 of the Spider Nest
 34178 | Spider:1 | Reached skill level 9 in Armour
 34797 | Spider:2 | Noticed Mlioglotl
 34810 | Spider:2 | Killed Mlioglotl
 35041 | Spider:2 | Found a runed translucent door.
 35041 | Spider:2 | Noticed Xapiozoo's ghost (adept MiBe)
 35073 | Spider:2 | Reached XP level 18. HP: 146/182 MP: 27/32
 35263 | Spider:2 | Reached skill level 8 in Evocations
 35482 | Spider:2 | Reached skill level 9 in Translocations
 35487 | Spider:2 | Noticed Arachne
 35494 | Spider:2 | Killed Arachne
 35922 | Spider:3 | Reached skill level 9 in Throwing
 36201 | Spider:3 | Reached skill level 7 in Spellcasting
 36277 | Spider:3 | Acquired 1207 gold pieces
 36429 | Spider:3 | Reached skill level 10 in Armour
 37213 | Spider:4 | Entered Level 4 of the Spider Nest
 37236 | Spider:4 | Reached skill level 9 in Evocations
 38805 | Spider:4 | Reached skill level 8 in Spellcasting
 38842 | Spider:4 | Got a gossamer rune of Zot
 39200 | D:4      | Bought a phantom mirror for 1000 gold pieces
 39506 | Vaults:1 | Entered Level 1 of the Vaults
 39527 | Vaults:1 | Reached skill level 11 in Armour
 39657 | Vaults:1 | Reached skill level 10 in Evocations
 39664 | Vaults:1 | Reached skill level 10 in Throwing
 39800 | Vaults:1 | Reached skill level 4 in Air Magic
 39802 | Vaults:1 | Identified the +0 leather armour of Too Many Cooks {Harm
                  | rC+ Str-2 Int+5}
 39809 | Vaults:1 | Reached XP level 19. HP: 113/188 MP: 34/34
 40619 | Vaults:1 | Found a transporter.
 40622 | Vaults:1 | Identified the +1 rapier "Menont Anlupt" {freeze, rF+
                  | Str+3}
 40635 | Vaults:1 | Identified the ring of Iraurrya {rElec MP+9 Str+3}
 40640 | Vaults:1 | Found a transporter.
 41008 | Vaults:1 | Reached skill level 12 in Armour
 41008 | Vaults:1 | Reached skill level 11 in Evocations
 41526 | Orc:2    | Bought the +4 plate armour of Filth {Will+} for 945 gold
                  | pieces
 41789 | Vaults:2 | Noticed Bai Suzhen
 41990 | Vaults:2 | Noticed Jory
 42010 | Vaults:2 | Reached skill level 11 in Throwing
 42013 | Vaults:2 | Killed Jory
 42257 | Vaults:2 | Reached skill level 13 in Armour
 42370 | Vaults:2 | Killed Bai Suzhen
 42480 | Vaults:2 | Found a staircase to the Crypt.
 42848 | Vaults:2 | Noticed Donald
 42861 | Vaults:2 | Killed Donald
 43285 | Vaults:3 | Reached skill level 12 in Throwing
 43285 | Vaults:3 | Reached skill level 14 in Armour
 43325 | Vaults:3 | Reached XP level 20. HP: 147/195 MP: 35/35
 44151 | Vaults:3 | Reached skill level 15 in Armour
 44195 | Vaults:3 | Reached skill level 12 in Maces & Flails
 44657 | Vaults:4 | Found a roughly hewn altar of Beogh.
 44666 | Vaults:4 | Reached skill level 13 in Maces & Flails
 44746 | Vaults:4 | Identified the ring "Upsitorr" {*Slow Fly rCorr AC+4 Str+2}
 44815 | Vaults:4 | Identified Sif Muna's Folio of the Gaseous Mob
 44950 | Vaults:4 | Reached skill level 14 in Maces & Flails
 45235 | Vaults:4 | Found a runed translucent gate.
 45235 | Vaults:4 | Found a runed translucent gate.
 45236 | Vaults:4 | Found a runed translucent gate.
 45236 | Vaults:4 | Found an opulent altar of Gozag.
 45239 | Vaults:4 | Noticed ongoing's ghost (adept MDFi)
 45240 | Vaults:4 | Found Diotwol's Assorted Antiques.
 45435 | Vaults:4 | Reached skill level 15 in Maces & Flails
 45544 | Vaults:4 | Killed ongoing's ghost
 45695 | Vaults:4 | Bought a scroll of acquirement for 1404 gold pieces
 45695 | Vaults:4 | Bought 2 potions of invisibility for 432 gold pieces
 45695 | Vaults:4 | Acquired 798 gold pieces
 45963 | Elf:1    | Entered Level 1 of the Elven Halls
 46347 | Elf:1    | Reached skill level 6 in Ranged Weapons
 46607 | Elf:1    | Identified Sif Muna's Precepts of the Shot and Production
 46640 | Elf:1    | Noticed Zenata
 46650 | Elf:1    | Killed Zenata
 46991 | Elf:2    | Found a runed translucent gate.
 46991 | Elf:2    | Found a runed translucent gate.
 47007 | Elf:2    | Found a runed translucent gate.
 47053 | Elf:2    | Reached skill level 7 in Ranged Weapons
 47070 | Elf:2    | Identified the +6 mace "Leph" {holy, *Slow Dex+4}
 47320 | Elf:2    | Identified the +0 ring mail of the Farmer {Will+}
 47511 | Elf:2    | Reached XP level 21. HP: 206/206 MP: 37/37
 48029 | Elf:2    | Reached skill level 8 in Ranged Weapons
 48030 | Elf:2    | Identified the blade talisman of Itesu {Dex+5}
 48359 | Elf:3    | Entered Level 3 of the Elven Halls
 48363 | Elf:3    | Noticed Roxanne
 48370 | Elf:3    | Killed Roxanne
 48427 | Elf:3    | Reached skill level 9 in Ranged Weapons
 48721 | Elf:3    | Reached skill level 10 in Ranged Weapons
 49016 | Elf:3    | Identified the +4 robe of the Old and Reckless {Rampage
                  | rN+++ Will- rCorr}
 49016 | Elf:3    | Noticed Boris
 49024 | Elf:3    | Killed Boris
 49565 | Elf:3    | Identified the +0 pair of gloves "Paihed" {rN+ Regen+ Dex-3
                  | SInv}
 49567 | Elf:3    | Identified The Second Course in Magical Power
 50007 | Depths:1 | Entered Level 1 of the Depths
 50037 | Depths:1 | Reached skill level 11 in Ranged Weapons
 50084 | Depths:1 | Found a gateway to Hell.
 50112 | Depths:1 | Found Wicourphe's CLEARANCE SALE!.
 50122 | Depths:1 | Bought a scroll of teleportation for 18 gold pieces
 50125 | Depths:1 | Identified the +2 robe "Archuiste" {^Drain rPois rF+}
 50125 | Depths:1 | Noticed Boris
 50134 | Depths:1 | Killed Boris
 50167 | Depths:1 | Reached skill level 3 in Dodging
 50286 | Depths:1 | Identified the Incunabulum of Left-Handed Arts
 50346 | Depths:1 | Reached skill level 4 in Dodging
 50572 | Depths:1 | Found a one-way gate leading to the halls of Pandemonium.
 50999 | Depths:1 | Learned a level 4 spell: Manifold Assault
 51004 | Depths:1 | Learned a level 4 spell: Olgreb's Toxic Radiance
 51027 | Depths:2 | Reached skill level 5 in Dodging
 51061 | Depths:2 | Reached skill level 12 in Ranged Weapons
 51384 | Depths:2 | Reached XP level 22. HP: 210/215 MP: 38/38
 51604 | Depths:2 | Found a one-way gateway to a ziggurat.
 51651 | Depths:2 | Reached skill level 6 in Dodging
 51673 | Depths:2 | Noticed a caustic shrike
 51681 | Depths:2 | Killed a caustic shrike
 52210 | Depths:2 | Found a one-way gate to the infinite horrors of the Abyss.
 52310 | Depths:2 | Reached skill level 7 in Dodging
 52311 | Depths:2 | Reached skill level 13 in Ranged Weapons
 52424 | Depths:2 | Identified the +4 scale mail of Summertime {Int+3}
 52424 | Depths:2 | Identified the +9 battleaxe of Ugubb {protect, *Noise rPois
                  | rC++ Dex+3}
 52424 | Depths:2 | Identified the amulet of Ejeruf {RegenMP Rampage rN+}
 52687 | Depths:2 | Identified the +0 scale mail "Ogelasao" {rElec rC+}
 53007 | Depths:3 | Found Zauf's Distillery.
 53016 | Depths:3 | Bought a potion of mutation for 96 gold pieces
 53016 | Depths:3 | Bought 2 potions of might for 96 gold pieces
 53016 | Depths:3 | Bought a potion of enlightenment for 60 gold pieces
 53016 | Depths:3 | Bought a potion of resistance for 120 gold pieces
 53016 | Depths:3 | Bought a potion of heal wounds for 60 gold pieces
 53270 | Depths:3 | Reached skill level 8 in Dodging
 53623 | Depths:3 | Found a white marble altar of Elyvilon.
 53707 | Depths:3 | Identified the ring "Juip" {Ice rN+ Dex+3 Stlth+}
 53707 | Depths:3 | Noticed Josephina
 53715 | Depths:3 | Killed Josephina
 54293 | Depths:3 | Found the ring of the Mage {Wiz Archmagi}
 54306 | Depths:3 | Learned a level 5 spell: Silence
 54308 | Depths:3 | Learned a level 1 spell: Summon Small Mammal
 54315 | Depths:3 | Learned a level 6 spell: Dispersal
 54347 | Depths:4 | Entered Level 4 of the Depths
 54365 | Depths:4 | Reached skill level 1 in Hexes
 54374 | Depths:4 | Found a magical portal.
 54379 | WizLab   | Entered Wucad Mu's Monastery
 54456 | WizLab   | Found the crystal ball of Wucad Mu {*channel}
 54575 | WizLab   | Reached skill level 4 in Hexes
 54575 | WizLab   | Reached XP level 23. HP: 222/222 MP: 39/39
 54769 | Depths:4 | Reached skill level 5 in Hexes
 54950 | Depths:4 | Identified the +1 leather armour "Rilir" {rPois rN++ Str+3}
 55012 | Depths:4 | Reached skill level 14 in Ranged Weapons
 55044 | Depths:4 | Noticed a caustic shrike
 55046 | Depths:4 | Reached skill level 9 in Spellcasting
 55046 | Depths:4 | Noticed Grunn
 55525 | Depths:4 | Reached skill level 6 in Hexes
 55529 | Depths:4 | Reached skill level 9 in Dodging
 55544 | Depths:4 | Found a gate to the Realm of Zot.
 55673 | Depths:4 | Reached XP level 24. HP: 181/215 MP: 13/40
 55673 | Depths:4 | Killed Grunn
 56125 | Depths:4 | Found a portal to a secret trove of treasure.
 56408 | Vaults:5 | Entered Level 5 of the Vaults
 56414 | Vaults:5 | Found the brooch of Shielding {Spirit SH+8}
 56422 | Vaults:5 | Reached skill level 10 in Spellcasting
 56438 | Vaults:5 | Identified the +8 short sword of Qasmef {chaos, Dex+6}
 56444 | Vaults:5 | Reached skill level 7 in Hexes
 56672 | Vaults:5 | Found Kuts's Distillery.
 56672 | Vaults:5 | Found the +3 pair of seven-league boots {Rampage+∞}
 56754 | Vaults:5 | Bought a potion of heal wounds for 75 gold pieces
 56754 | Vaults:5 | Bought a potion of might for 60 gold pieces
 56754 | Vaults:5 | Bought 2 potions of enlightenment for 150 gold pieces
 56754 | Vaults:5 | Bought a potion of mutation for 120 gold pieces
 56754 | Vaults:5 | Bought a potion of cancellation for 120 gold pieces
 56754 | Vaults:5 | Bought a potion of enlightenment for 75 gold pieces
 57013 | Vaults:5 | Noticed an ancient lich
 57014 | Vaults:5 | Reached skill level 11 in Spellcasting
 57019 | Vaults:5 | Killed an ancient lich
 57267 | Vaults:5 | Reached skill level 10 in Dodging
 57334 | Vaults:5 | Identified the +5 mace of Pysionnocu {flame, rPois rC+
                  | Int+3 Dex-3}
 57354 | Vaults:5 | Reached skill level 15 in Ranged Weapons
 57354 | Vaults:5 | Identified the +6 double sword of Ruination {venom, rF+
                  | rN+}
 57744 | Vaults:5 | Identified the +7 glaive "Grim Tooth" {freeze, Dex+3}
 57867 | Vaults:5 | Identified the +6 morningstar of Light {flame, rC+ Will+
                  | Dex-4}
 57871 | Vaults:5 | Reached skill level 16 in Ranged Weapons
 58024 | Vaults:5 | Identified the +7 shortbow "Yroerumn" {elec, Str-2 Dex+6}
 58430 | Vaults:5 | Reached XP level 25. HP: 236/237 MP: 36/43
 58724 | Vaults:5 | Reached skill level 17 in Ranged Weapons
 58984 | Vaults:5 | Identified the Volume of Gusts and Curses
 59058 | Vaults:5 | Got a silver rune of Zot
 59271 | Vaults:5 | Found Kuts's Distillery.
 60137 | Zot:1    | Entered Level 1 of the Realm of Zot
 61525 | Zot:1    | Reached skill level 18 in Ranged Weapons
 63020 | Zot:2    | Identified the Incunable of The Black Sun
 63223 | Zot:2    | Noticed an orb of fire
 63230 | Zot:2    | Killed an orb of fire
 63477 | Zot:2    | Reached skill level 19 in Ranged Weapons
 63864 | Zot:3    | Reached skill level 11 in Shields
 64206 | Zot:5    | Entered Level 5 of the Realm of Zot
 64689 | Zot:5    | Reached skill level 12 in Evocations
 64813 | Zot:5    | Noticed an orb of fire
 64813 | Zot:5    | Noticed an orb of fire
 64813 | Zot:5    | Noticed a Killer Klown
 64813 | Zot:5    | Noticed an orb of fire
 64817 | Zot:5    | Got the Orb of Zot
 64818 | Zot:5    | Noticed an orb of fire
 64818 | Zot:5    | Noticed an orb of fire
 64818 | Zot:5    | Noticed an orb of fire
 64819 | Zot:5    | Noticed an orb of fire
 64880 | Zot:2    | Noticed Apopn the pandemonium lord
 64888 | Zot:2    | Gained mutation: You occasionally lose the ability to read
                  | scrolls when taking damage. [a neqoxec]
 65066 | D:14     | Noticed Gugesed the pandemonium lord
 65300 | D:5      | Reached skill level 12 in Shields
 65361 | D:1      | Noticed Gaorogew the pandemonium lord
 65368 | D:$      | Escaped with the Orb!

Illustrated notes

Levels and vault maps discovered:
D:1:      dpeg_arrival_yet_another_circle, layout_basic,
          shapermc_ecumenical_altar_mp_ritualfount
D:2:      layout_rooms, minmay_misc_feat_nine_boxes, minmay_shallow_snake_nest
D:3:      layout_rooms, uniq_pargi
D:4:      layout_loops_ring, serial_shops, kennysheep_mini
D:5:      layout_basic, nrook_loot_triangle
D:6:      layout_basic, minmay_temple_entry_drinking_statues,
          uniq_crazy_yiuf_cottage, uniq_grinder, uniq_jeremiah
D:7:      layout_basic, minmay_misc_feat_square
D:8:      layout_loops_ring, gammafunk_ghost_grave, serial_shops,
          nicolae_square_shop, st_stairs_9, kennysheep_windowed_goal,
          uniq_maggie, uniq_pikel, uniq_amaemon, uniq_psyche
D:9:      layout_basic, dpeg_oklobed_lair, uniq_erica
D:10:     hellmonk_destroyed_diamonds, layout_basic, zin_treasury,
          lightli_fourway_metalbox
D:11:     layout_long_grid, orc_0_dummy, special_room [special_room_kobold],
          nicolae_wooded_promenade, minivault_8
D:12:     layout_loops_ring, nicolae_uskayaw_suspiria, uniq_urug
D:13:     layout_big_octagon, kennysheep_generic_room_5, uniq_kirke
D:14:     layout_basic, grunt_vaults_entry_tiered, patterned_corridor,
          uniq_jorgrun, uniq_rupert
D:15:     grunt_enter_depths_giant_problem, layout_cave_pools,
          chequers_serial_rivers_large_a, st_stairs_11
Lair:1:   layout_concentric_octagons, uniq_nergalle, uniq_fannar
Lair:2:   layout_gridlike, elwin_shoals_entry_stream,
          hellmonk_spider_entry_not_the_bees, maelrawn_ghost_gauntlet_escape,
          uniq_gastronok
Lair:3:   layout_roguey, portal_ice_cave_entry_pillars_1,
          grunt_forest_large_clearings, infiniplex_staircase_pool_2,
          lemuel_fruit_fields
Lair:4:   layout_cave_pods, lemuel_fruit_fields, infiniplex_staircase_pool,
          grunt_megastairs_2, serial_bayou_shore_b, lemuel_fruit_fields
Lair:5:   due_jungle_book, layout_regular_city, dpeg_slime_entry_enclosed,
          nicolae_volcano_entry_two_sided, bobbens_ice_dragon_lair
Shoals:1: layout_shoals, regret_index_shoals_crete
Shoals:2: layout_shoals, nicolae_shoals_beach_cooler, uniq_polyphemus,
          uniq_ilsuiw
Shoals:3: layout_shoals, st_cyclops, uniq_nikola
Shoals:4: shoals_end_simple, layout_shoals, shoal_ilsuiw
Spider:1: layout_chambers, hangedman_spider_tarantella_strand
Spider:2: layout_spider_delve, hellmonk_ghost_happy_afterlife, uniq_arachne,
          uniq_mlioglotl
Spider:3: layout_cave_pods, nicolae_spider_bug_shape
Spider:4: spider_rune_water, hellmonk_narrow_tunnel
Orc:1:    layout_caves, basic_altar
Orc:2:    st_orc_ogre_mass, layout_caves, gammafunk_ghost_wrathful_warriors,
          mines4_lemuel
Elf:1:    eino_elf_arrival_sip, layout_gridlike, serial_corexii_hall,
          corexii_hall_statues_i, chequers_hall_statues_corner_a,
          corexii_hall_statues_s, corexii_hall_statues_t, minmay_elf_sorcery,
          uniq_zenata
Elf:2:    elven_hall_of_blades_hangedman_original
          [infiniplex_blade_entry_pillars], layout_loops_corners, st_stairs_13
Elf:3:    minmay_elf_hall_dome, layout_geoelf_grid, dreamdust_princess_corridor,
          uniq_boris, uniq_roxanne
Vaults:1: nicolae_vaults_network_periphery, vaults_dpeg_encased_lava,
          v_pattern_4, v_misc_11, hangedman_vaults_nails, gammafunk_the_bubble
          [the_bubble_gammafunk_grid], v_alt_pattern_2,
          nicolae_vaults_little_squares_3, hangedman_vaults_trim,
          hangedman_vaults_corner_blocks, layout_vaults_omnicross
Vaults:2: vaults_mumra_minichess, nicolae_vaults_diffraction_hallways,
          minmay_crypt_entry_simple_walls, nicolae_vaults_prndl,
          layout_vaults_quadrants, uniq_donald, uniq_bai_suzhen, uniq_jory
Vaults:3: ontoclasm_vaults_ligature, nicolae_vaults_little_squares_3,
          nicolae_vaults_off_center_swirl, v_misc_15, vaults_room_octagon,
          nicolae_vaults_tangram_1, v_alt_pattern_2,
          nicolae_vaults_ellipses_ellipsis, hangedman_vaults_stagger,
          nicolae_vaults_offset_grid_hallway_3, v_rooms_4,
          vaults_room_stairs_pillars, layout_vaults_omnibox
Vaults:4: ebering_ghost_gozag, nicolae_vaults_storage_closets_2,
          hangedman_vaults_capsules, nicolae_vaults_hexular_roomagon,
          grunt_vaults_funnel, nicolae_vaults_network_quinsquares
          [nicolae_vaults_network_quincunx_subvault,
          nicolae_vaults_network_quincunx_subvault,
          nicolae_vaults_network_quincunx_subvault,
          nicolae_vaults_network_quincunx_subvault], v_misc_23,
          nicolae_vaults_trapezoid_layered, special_room_vaults
          [special_room_orc], hangedman_vaults_stream, nicolae_vaults_two_Ls,
          layout_vaults_ring
Vaults:5
Depths:1: layout_gridlike, rand_demon_pan_entry_3, special_room
          [special_room_morgue], serial_sigils, serial_sigils_hangedman_carve,
          serial_sigils_hangedman_scar, serial_sigils_hangedman_leer,
          serial_sigils_hangedman_shear, serial_sigils_hangedman_shear,
          hell_entry, nicolae_shop_clearance
Depths:2: evilmike_diamond_1, layout_cave_pools, enter_ziggurat_b,
          abyss_entry_glasseish, pan_entry, chequers_serial_rivers_large_b,
          hell_entry, laboratory
Depths:3: kennysheep_ambush_hall, layout_small_grid,
          nicolae_elyvilon_peaceful_grove,
          nicolae_abyss_entry_one_way_or_another, hell_entry, serial_shops,
          shop, minmay_stone_trees_medium, grunt_megastairs_5, uniq_josephina
Depths:4: evilmike_zot_entry_diamond, layout_honeycomb, abyss_entry, hell_entry,
          infiniplex_enter_wizlab_spiral, nicolae_trove_entry_crystal,
          uniq_grunn
Zot:1:    layout_cathedral_of_symmetry
Zot:2:    dreamdust_black_sun_cult, layout_gridlike
Zot:3:    layout_gridlike, regret_index_zotdec_silver_v_v_loose
Zot:4:    layout_onion_interference
Zot:5:    layout_cathedral_of_symmetry

Skill      XL: |  1  2  3  4  5  6  7  8  9 10 11 12 13 14 15 16 17 18 19 20 21 22 23 24 25 |
---------------+----------------------------------------------------------------------------+-----
Axes           | 3 4 5 6 |  6.5
Shields        | 4 5 6 8 9 10 12 | 12.0
Fighting       | 4 5 6 10 11 14 16 18 | 18.0
Maces & Flails | 3 8 10 11 15 | 15.5
Evocations     | 2 4 5 6 7 10 11 12 | 12.4
Spellcasting   | 2 4 5 6 8 9 11 | 11.8
Dodging        | 2 5 8 9 10 | 10.7
Armour         | 4 5 6 8 9 11 14 15 | 15.0
Conjurations   | 5 6 7 8 |  8.8
Alchemy        | 4 6 7 9 |  9.3
Ranged Weapons | 4 5 7 12 13 14 16 19 | 19.2
Earth Magic    | 2 |  2.1
Translocations | 6 8 9 |  9.7
Air Magic      | 3 4 |  4.0
Throwing       | 6 8 10 12 | 12.9
Hexes          | 4 6 7 |  7.7

Action                     |  1- 3 |  4- 6 |  7- 9 | 10-12 | 13-15 | 16-18 | 19-21 | 22-24 | 25-27 || total
---------------------------+-------+-------+-------+-------+-------+-------+-------+-------+-------++-------
  Melee: War axe           |    89 |   119 |       |       |       |       |       |       |       ||   208
         Eveningstar       |       |    10 |   134 |   397 |   927 |  1168 |  1147 |   925 |   535 ||  5243
  Throw: Dart              |       |       |    12 |    10 |     7 |     4 |       |       |       ||    33
         Throwing net      |       |       |       |       |       |     1 |       |       |       ||     1
         Boomerang         |       |       |       |       |       |    47 |   111 |    33 |     2 ||   193
         Javelin           |       |       |       |       |       |       |     7 |     3 |       ||    10
   Cast: Irradiate         |       |       |       |       |       |    73 |    25 |     9 |     5 ||   112
         Vhi's Electric Ch |       |       |       |       |       |    64 |    98 |    50 |    36 ||   248
         Leda's Liquefacti |       |       |       |       |       |    31 |     6 |     2 |     2 ||    41
         Fugue of the Fall |       |       |       |       |       |     2 |       |     1 |       ||     3
         Manifold Assault  |       |       |       |       |       |       |    21 |   285 |   215 ||   521
         Olgreb's Toxic Ra |       |       |       |       |       |       |     1 |     6 |       ||     7
 Invoke: Curse Item        |     1 |     2 |     4 |     3 |     4 |     2 |     2 |       |       ||    18
         Shatter the Chain |       |       |       |     3 |     2 |     2 |     2 |       |       ||     9
  Evoke: Wand              |       |       |     6 |     6 |     4 |     3 |     6 |     4 |     3 ||    32
         Lightning rod     |       |       |       |       |     4 |     5 |     8 |       |       ||    17
         Box of beasts     |       |       |       |       |       |     1 |     1 |     1 |       ||     3
         Condenser vane    |       |       |       |       |       |     2 |     2 |     2 |       ||     6
         Phantom mirror    |       |       |       |       |       |       |     3 |     1 |       ||     4
         Phial of floods   |       |       |       |       |       |       |     1 |       |       ||     1
    Use: Potion            |       |     1 |       |     4 |       |     2 |       |     2 |     7 ||    16
         Scroll            |       |     2 |     3 |     4 |     7 |     9 |    16 |     6 |    18 ||    65
   Stab: Betrayed ally     |       |       |       |     2 |       |       |       |       |       ||     2
         Petrified         |       |       |       |       |       |     4 |       |       |       ||     4
         Held in net/web   |       |       |       |       |       |     1 |       |       |       ||     1
 Armour: Scale mail        |    35 |       |       |       |       |       |       |       |       ||    35
         Plate armour      |    35 |   115 |   115 |   417 |    82 |       |   841 |   405 |   207 ||  2217
         Chain mail        |       |       |       |       |   630 |  1060 |   112 |       |       ||  1802
  Dodge: Dodged            |    23 |    29 |    42 |   165 |   441 |   779 |   523 |   253 |   113 ||  2368
  Block: Buckler           |    16 |    29 |    27 |    93 |       |       |       |       |       ||   165
         Kite shield       |       |       |       |    73 |   716 |  1209 |   811 |   366 |   143 ||  3318

Table legend: (Time is in decaauts)
 A = Elapsed time spent in this place.
 B = Non-inter-level travel time spent in this place.
 C = Inter-level travel time spent in this place.
 D = Time resting spent in this place.
 E = Time spent auto-exploring this place.
 F = Levels seen in this place.
 G = Mean time per level.
                   A        B        C        D        E       F      G
               +--------+--------+--------+--------+--------+-----+--------+
         Total |  69177 |  62135 |   7042 |   9946 |  38593 |  50 | 1383.5 |
       Dungeon |  19214 |  15254 |   3960 |   2038 |   9977 |  15 | 1280.9 |
          Lair |   8590 |   7898 |    692 |   2245 |   4048 |   5 | 1718.0 |
        Shoals |   5248 |   4968 |    280 |    758 |   2501 |   4 | 1312.0 |
   Spider Nest |   6004 |   5684 |    320 |    584 |   3884 |   4 | 1501.0 |
  Orcish Mines |   3253 |   2851 |    402 |    892 |   1337 |   2 | 1626.5 |
   Elven Halls |   4109 |   3898 |    211 |    945 |   2114 |   3 | 1369.7 |
        Vaults |  10260 |   9558 |    702 |    717 |   6775 |   5 | 2052.0 |
        Depths |   6867 |   6528 |    339 |    787 |   4600 |   4 | 1716.8 |
           Zot |   4569 |   4437 |    132 |    561 |   3182 |   5 |  913.8 |
      Ice Cave |    253 |    253 |      0 |    106 |     43 |   1 |  253.0 |
       Volcano |    446 |    446 |      0 |    237 |      0 |   1 |  446.0 |
        Wizlab |    358 |    358 |      0 |     74 |    128 |   1 |  358.0 |
               +--------+--------+--------+--------+--------+-----+--------+

Top non-repeatable levels by time:
Vaults:5: 3501 daAuts
  Lair:2: 2503 daAuts
  Lair:5: 2466 daAuts
   Orc:2: 2163 daAuts
Vaults:1: 2161 daAuts
Depths:4: 2062 daAuts
    D:14: 2029 daAuts
     D:9: 1956 daAuts
   Zot:2: 1880 daAuts
Spider:4: 1841 daAuts
     D:6: 1828 daAuts
Depths:3: 1699 daAuts
Vaults:4: 1647 daAuts
   Zot:1: 1644 daAuts
Depths:1: 1613 daAuts

Table legend:
 A = Kills in this place as a percentage of kills in the entire game.
 B = Kills by you in this place as a percentage of kills by you in the entire game.
 C = Kills by friends in this place as a percentage of kills by friends in the entire game.
 D = Other kills in this place as a percentage of other kills in the entire game.
 E = Experience gained in this place as a percentage of experience gained in the entire game.
 F = Experience gained in this place divided by the number of levels of this place that you have seen.
                   A       B       C       D       E      F
               +-------+-------+-------+-------+-------+----------------------
         Total | 100.0 | 100.0 | 100.0 | 100.0 | 100.0 | 23290.7
       Dungeon |  19.3 |  19.4 |  14.3 |   0.0 |   7.5 | 5853.9
          Lair |   7.1 |   7.1 |  14.3 |   0.0 |   4.0 | 9427.4
        Shoals |   9.6 |   9.6 |  14.3 |  14.3 |   9.1 | 26392.5
   Spider Nest |  10.4 |  10.4 |   0.0 |  14.3 |   8.2 | 23976.5
  Orcish Mines |   5.8 |   5.7 |  28.6 |  28.6 |   2.5 | 14750.0
   Elven Halls |   5.9 |   5.8 |  14.3 |  14.3 |   7.4 | 28719.3
        Vaults |  22.9 |  23.0 |   0.0 |  14.3 |  29.7 | 69080.6
        Depths |  12.2 |  12.3 |   0.0 |  14.3 |  19.4 | 56340.5
           Zot |   5.4 |   5.5 |   0.0 |   0.0 |  11.6 | 26964.0
      Ice Cave |   0.5 |   0.4 |  14.3 |   0.0 |   0.1 | 1635.0
       Volcano |   0.8 |   0.8 |   0.0 |   0.0 |   0.4 | 4289.0
        Wizlab |   0.1 |   0.1 |   0.0 |   0.0 |   0.1 | 947.0
               +-------+-------+-------+-------+-------+----------------------
